 Dungeon Crawl Stone Soup version 0.28-a0-983-g1de4e0787c (webtiles) character file.

Game seed: 9474895166805691301

112 GregHouse the Chopper (level 4, -5/41 HPs)
             Began as a Hill Orc Monk on Dec 3, 2021.
             Slain by Crazy Yiuf (14 damage)
             ... on level 3 of the Dungeon.
             The game lasted 00:13:39 (3825 turns).

GregHouse the Chopper (Hill Orc Monk)               Turns: 3825, Time: 00:13:40

Health: -5/41      AC:  9    Str: 15    XL:     4   Next: 93%
Magic:  4/4        EV:  7    Int: 10    God:
Gold:   94         SH:  0    Dex: 13    Spells: 3/3 levels left

rFire   . . .      SeeInvis .   a - +0 hand axe
rCold   . . .      Faith    .   (no shield)
rNeg    . . .      Spirit   .   b - +0 chain mail
rPois   .          Reflect  .   (no helmet)
rElec   .          Harm     .   m - +0 cloak
rCorr   .          Rampage  .   (no gloves)
Will    .....                   (no boots)
Stlth   ..........              (no amulet)
HPRegen 0.13/turn               (no ring)
MPRegen 0.09/turn               (no ring)

@: lethally poisoned (-5 -> -9)
A: no striking features
a: no special abilities


You were on level 3 of the Dungeon.
You visited 1 branch of the dungeon, and saw 4 of its levels.

You collected 94 gold pieces.

Inventory:

Hand Weapons
 a - a +0 hand axe (weapon)
Missiles
 e - 81 stones (quivered)
Armour
 b - a +0 chain mail (worn)
 m - a +0 cloak (worn)
Jewellery
 f - a +6 ring of intelligence
 h - an amulet of guardian spirit
Wands
 g - a wand of iceblast (12)
Scrolls
 i - a scroll of holy word {unknown}
 k - 2 scrolls of magic mapping {unknown}
 l - a scroll of vulnerability {unknown}
Potions
 c - 3 potions of brilliance {unknown}
 d - a potion of cancellation {unknown}
 j - 3 potions of heal wounds {unknown}


   Skills:
 + Level 4.7 Fighting
 + Level 5.5 Axes
 + Level 0.3 Throwing
 + Level 1.5 Armour
 - Level 2.4 Dodging
 + Level 2.1 Stealth


You had 3 spell levels left.
You didn't know any spells.
Your spell library contained the following spells:

 Spells                   Type           Power      Damage    Failure   Level
 Magic Dart               Conj           0%         1d3       100%        1
 Searing Ray              Conj           0%         2d4       100%        2
 Fulminant Prism          Conj/Hex       0%         3d6       100%        4


Dungeon Overview and Level Annotations

Branches:
Dungeon (4/15)
 Temple: D:4-7

Altars:

Annotations:
D:3 Crazy Yiuf


Message History

Found a scroll labelled UZAUSO EVOG.
Found 14 gold pieces.
k - 2 scrolls labelled UZAUSO EVOG (gained 1)
You now have 94 gold pieces (gained 14).
Found a mace.
Found a runed translucent door.
Crazy Yiuf shouts!
You open the door.
Crazy Yiuf says, "Dawk high poople!"
You barely miss Crazy Yiuf.
Crazy Yiuf hits you with a +4 quarterstaff of chaos.
You are poisoned.
You barely miss Crazy Yiuf.
You feel sick.
Crazy Yiuf hits you with a +4 quarterstaff of chaos.
You are more poisoned.
You closely miss Crazy Yiuf.
You feel very sick. Crazy Yiuf misses you.
You hit Crazy Yiuf.
Crazy Yiuf is lightly wounded.
You feel very sick.
Crazy Yiuf says, "Gum fast koolooloo!"
Crazy Yiuf closely misses you.
You hit Crazy Yiuf but do no damage.
Crazy Yiuf is lightly wounded.
You feel sick.
Crazy Yiuf hits you with a +4 quarterstaff of chaos.
You barely miss Crazy Yiuf.
Crazy Yiuf is lightly wounded.
You feel sick. Crazy Yiuf barely misses you.
You closely miss Crazy Yiuf.
Crazy Yiuf is lightly wounded.
You feel sick.
Crazy Yiuf hits you with a +4 quarterstaff of chaos.
* * * LOW HITPOINT WARNING * * *
Crazy Yiuf draws strength from your wounds!
You closely miss Crazy Yiuf.
Crazy Yiuf is lightly wounded.
You feel sick.
Crazy Yiuf hits you with a +4 quarterstaff of chaos!
You die...

....###....#
# ... ##..##
# ♣....♣
♣...♣♣ ♣♣.♣♣
♣.♣♣ ♣♣.♣
♣.♣♣ ♣♣@♣
#g# ...
#...# #..)#
#####


You could see Crazy Yiuf.

Vanquished Creatures
  Jessica (D:2)
  3 adders
  2 dart slugs
  2 worms
  4 ball pythons
  9 bats
  3 endoplasms (D:1)
  2 giant cockroaches (D:1)
  A goblin (D:3)
  8 hobgoblins
  2 jackals (D:1)
  2 quokkas
  3 frilled lizards
  3 kobolds
  3 rats
48 creatures vanquished.

Notes
Turn   | Place    | Note
-------+----------+-------------------------------------------
     0 | D:1      | GregHouse the Hill Orc Monk began the quest for the Orb.
     0 | D:1      | Reached XP level 1. HP: 19/19 MP: 1/1
   509 | D:1      | Reached XP level 2. HP: 23/27 MP: 2/2
   881 | D:1      | Found a faded altar of an unknown god.
  1338 | D:1      | Reached XP level 3. HP: 33/33 MP: 3/3
  1564 | D:2      | Noticed Jessica
  1602 | D:2      | Killed Jessica
  1603 | D:2      | Reached skill level 5 in Axes
  2025 | D:2      | Reached XP level 4. HP: 41/41 MP: 4/4
  2327 | D:2      | Reached skill level 1 in Armour
  3100 | D:4      | Noticed a scorpion
  3813 | D:3      | Found a runed translucent door.
  3814 | D:3      | Noticed Crazy Yiuf
  3825 | D:3      | Slain by Crazy Yiuf

Illustrated notes

Levels and vault maps discovered:
D:1:      scummos_arrival_forest, layout_basic,
          ebering_ecumenical_altar_petrified
D:2:      layout_basic, due_unseen_surprise, uniq_jessica
D:3:      layout_basic, minmay_misc_feat_secret_circle, uniq_crazy_yiuf_cottage
D:4:      layout_loops_ring, nicolae_ossuary_entry_catacombs,
          serial_bayou_crossing, uniq_grinder, uniq_pikel, uniq_robin

Skill      XL: |  1  2  3  4 |
---------------+-------------+-----
Fighting       | 4 |  4.7
Axes           | 5 |  5.5
Armour         | 1 |  1.5
Stealth        | 2 |  2.1
Throwing       | |  0.3
Dodging        | |  2.4

Action                   |  1- 3 |  4- 6 || total
-------------------------+-------+-------++-------
Melee: Hand axe          |   119 |   115 ||   234
Throw: Stone             |     6 |       ||     6
  Use: Scroll            |       |     1 ||     1
Armor: Robe              |    12 |       ||    12
       Chain mail        |    19 |    78 ||    97
Dodge: Dodged            |    69 |    45 ||   114

Table legend: (Time is in decaauts)
 A = Elapsed time spent in this place.
 B = Non-inter-level travel time spent in this place.
 C = Inter-level travel time spent in this place.
 D = Time resting spent in this place.
 E = Time spent auto-exploring this place.
 F = Levels seen in this place.
 G = Mean time per level.
                   A        B        C        D        E       F      G
               +--------+--------+--------+--------+--------+-----+--------+
         Total |   3849 |   3776 |     73 |   1055 |   1629 |   4 |  962.2 |
       Dungeon |   3849 |   3776 |     73 |   1055 |   1629 |   4 |  962.2 |
               +--------+--------+--------+--------+--------+-----+--------+

Top non-repeatable levels by time:
     D:1: 1485 daAuts
     D:2: 1427 daAuts
     D:3: 934 daAuts
     D:4: 1 daAuts
